 Dungeon Crawl Stone Soup version 0.25-a0-665-ga69d64035b (webtiles) character file.

Game seed: 9682329283155337585, levelgen mode: deterministic

68 kae the Conjurer (level 4, 0/24 HPs)
             Began as a Tengu Fire Elementalist on Mar 26, 2020.
             Slain by a giant cockroach (2 damage)
             ... on level 3 of the Dungeon.
             The game lasted 00:02:16 (2115 turns).

kae the Conjurer (Tengu Fire Elementalist)          Turns: 2115, Time: 00:02:16

Health: 0/24       AC:  3    Str:  8    XL:     4   Next: 19%
Magic:  0/8        EV: 12    Int: 17    God:
Gold:   111        SH:  0    Dex: 14    Spells: 3/7 levels left

rFire    . . .     SeeInvis .   f - +0 hand axe
rCold    . . .     Gourm    .   (no shield)
rNeg     . . .     Faith    .   a - +1 robe
rPois    .         Spirit   .   (helmet restricted)
rElec    .         Reflect  .   (no cloak)
rCorr    .         Harm     .   (no gloves)
MR       .....                  (boots unavailable)
Stlth    ++........             (no amulet)
HPRegen  0.08/turn              (no ring)
MPRegen  0.11/turn              (no ring)

@: lethally poisoned (0 -> -10), very slightly contaminated, drained
A: beak, talons 3
a: no special abilities


You were on level 3 of the Dungeon.
You were not hungry.

You visited 1 branch of the dungeon, and saw 3 of its levels.

You collected 111 gold pieces.

Inventory:

Hand Weapons
 f - a +0 hand axe (weapon)
Armour
 a - a +1 robe (worn)
Jewellery
 e - a cursed amulet of the gourmand {unknown}
 o - an uncursed amulet of the acrobat
Scrolls
 g - a scroll of magic mapping {unknown}
 h - a scroll of teleportation {unknown}
Potions
 b - a potion of flight
 d - a potion of heal wounds {unknown}
 i - a potion of degeneration {unknown}
 j - 2 potions of curing {unknown}
 m - 2 potions of haste {unknown}
 n - a potion of resistance {unknown}
Comestibles
 c - 6 rations


   Skills:
 - Level 2.1(1.4) Dodging
 - Level 2.0(1.2) Stealth
 + Level 2.1(1.3) Spellcasting
 + Level 4.1(3.3) Conjurations
 + Level 4.1(3.3) Fire Magic


You had 3 spell levels left.
You knew the following spells:

 Your Spells              Type           Power        Failure   Level  Hunger
a - Foxfire               Conj/Fire      ##..         5%          1    ##.....
b - Conjure Flame         Conj/Fire      ##......     16%         3    ####...

Your spell library contained the following spells:

 Spells                   Type           Power        Failure   Level  Hunger
 Inner Flame              Hex/Fire       #.......     32%         3    ####...
 Sticky Flame             Conj/Fire      ##......     45%         4    #####..
 Fireball                 Conj/Fire      ##........   82%         5    ######.


Dungeon Overview and Level Annotations

Branches:
Dungeon (3/15)

Altars:
Trog


Innate Abilities, Weirdness & Mutations

You have a beak for a mouth.
You have claws for feet.


Message History

Confirm with . or Enter, or press ? or * to list all spells.
You conjure some foxfire!
You feel sick. The adder bites you.
* * * LOW HITPOINT WARNING * * *
You are more poisoned.
The adder poisons you! The giant cockroach misses you.
The giant cockroach barely misses you. The adder bites you but does no damage.
* * * LOW HITPOINT WARNING * * *
You feel sick.
The foxfire hits the adder.
The adder is almost dead.
The giant cockroach bites you but does no damage.
The giant cockroach completely misses you.
The adder barely misses you.
Casting: Foxfire (safe; 5% risk of failure)
Confirm with . or Enter, or press ? or * to list all spells.
You conjure some foxfire!
* * * LOW HITPOINT WARNING * * *
You feel sick.
The giant cockroach bites you but does no damage.
The giant cockroach bites you.
You die...

# #### #(?
+#..##
.....##..Sv#
......'.gs@#
..8...##.s##
..... ##)##
..?. ##..##
#)? ##....#
#####'.รท..#
##..##..##
+....####
#....# ....


You could see an adder, 2 giant cockroaches and a goblin.

Vanquished Creatures
  An adder (D:2)
  An ooze (D:1)
  3 worms (D:2)
  2 dart slugs
  A leopard gecko (D:2)
  7 bats
  2 giant cockroaches
  8 goblins
  A hobgoblin (D:3)
  3 quokkas (D:2)
  4 frilled lizards
  7 kobolds
  3 rats
43 creatures vanquished.

Vanquished Creatures (others)
  95 foxfires
95 creatures vanquished.

Grand Total: 138 creatures vanquished

Notes
Turn   | Place    | Note
-------+----------+-------------------------------------------
     0 | D:1      | kae the Tengu Fire Elementalist began the quest for the
                  | Orb.
     0 | D:1      | Reached XP level 1. HP: 10/10 MP: 4/4
   226 | D:1      | Reached XP level 2. HP: 11/15 MP: 1/6
  1014 | D:2      | Found a bloodstained altar of Trog.
  1043 | D:2      | Reached XP level 3. HP: 18/19 MP: 7/7
  1280 | D:2      | Learned a level 3 spell: Conjure Flame
  1730 | D:2      | Reached XP level 4. HP: 24/24 MP: 8/8
  2115 | D:3      | Slain by a giant cockroach

Levels and vault maps discovered:
D:1:      minmay_arrival_jagged, layout_basic
D:2:      layout_loops_ring, first_ration, serial_bayou, serial_bayou_shore_a,
          serial_bayou_ford_a, serial_bayou_crossing, serial_bayou_lagoon_a,
          trog_three_pillars_becter
D:3:      minmay_bubble_buster, layout_loops_cross,
          chequers_ecumenical_altar_simple

Skill      XL: |  1  2  3 |
---------------+----------+-----
Conjurations   | 2 4 |  4.1
Fire Magic     | 4 |  4.1
Dodging        | |  2.1
Stealth        | |  2.0
Spellcasting   | |  2.1

Action                   |  1- 3 |  4- 6 || total
-------------------------+-------+-------++-------
Melee: Unarmed           |     7 |       ||     7
       Kick              |     5 |     2 ||     7
       Peck              |     4 |     2 ||     6
       Hand axe          |    25 |    11 ||    36
 Cast: Foxfire           |    50 |    13 ||    63
  Use: Scroll            |       |     6 ||     6
 Stab: Sleeping          |     1 |       ||     1
  Eat: Chunk             |     3 |     2 ||     5
Armor: Robe              |    12 |    14 ||    26
Dodge: Dodged            |    39 |    28 ||    67

Table legend:
 A = Non-vault XP
 B = Vault XP
 C = Vault XP percentage of total XP
 D = Non-vault monster count
 E = Vault monster count
 F = Vault count percentage of total count
                 A         B        C        D         E       F
            +---------+---------+-------+---------+---------+-------
      Total |      94 |       4 |   4.1 |      39 |       4 |   9.3
            +---------+---------+-------+---------+---------+-------
        D:1 |      22 |       0 |   0.0 |       9 |       0 |   0.0
        D:2 |      63 |       0 |   0.0 |      25 |       0 |   0.0
        D:3 |       9 |       4 |  30.8 |       5 |       4 |  44.4
            +---------+---------+-------+---------+---------+-------
